 Dungeon Crawl Stone Soup version 0.31-a0-1458-g2f8d4710b4 (webtiles) character file.

Game seed: 11603020964968739159

560 Amplified the Trooper (level 7, 0/57 HPs)
             Began as a Demonspawn Monk on Dec 28, 2023.
             Slain by an iguana (7 damage)
             ... on level 5 of the Dungeon.
             The game lasted 00:11:11 (2679 turns).

Amplified the Trooper (Demonspawn Monk)             Turns: 2679, Time: 00:11:11

Health: 0/57       AC: 15    Str: 13    XL:     7   Next: 9%
Magic:  7/7        EV:  4    Int: 10    God:
Gold:   107        SH:  0    Dex: 16    Spells: 6/6 levels left

rFire   . . .        i - +3 flail (protect)
rCold   . . .        d - orb {light}
rNeg    . . .        e - +0 chain mail
rPois   .            j - +2 helmet
rElec   .            (no cloak)
rCorr   .            p - +0 pair of gloves
SInv    .            n - +2 pair of boots
Will    .....        (no amulet) Stlth
                     (no ring)
HPRegen 0.29/turn    (no ring)
MPRegen 0.10/turn

%: no passive effects
@: brilliant, grasped by roots, glowing, constricted
A: demonic touch 2
a: no special abilities


You were on level 5 of the Dungeon.
You visited 2 branches of the dungeon, and saw 8 of its levels.

You collected 185 gold pieces.
You spent 78 gold pieces at shops.

Inventory:

Hand Weapons
 a - a +1 hand axe
 i - a +3 flail of protection (weapon)
Missiles
 o - a curare-tipped dart
 r - 11 poisoned darts (quivered)
Armour
 d - an orb of light (worn)
 e - a +0 chain mail (worn)
 j - a +2 helmet (worn)
 n - a +2 pair of boots (worn)
 p - a +0 pair of gloves (worn)
 s - a +0 cloak
Wands
 f - a wand of roots (13)
Scrolls
 b - 2 scrolls of noise
 h - a scroll of immolation
Potions
 g - a potion of enlightenment
 m - a potion of attraction
 q - a potion of brilliance


   Skills:
 * Level 5.6 Fighting
 - Level 4.1(4.5) Axes
 * Level 2.7(3.8) Maces & Flails
 + Level 4.0 Dodging


You had 6 spell levels left.
You didn't know any spells.
Your spell library contained the following spells:

 Spells                   Type           Power      Damage    Failure   Level
 Apportation              Tloc           0%         N/A       100%        1
 Necrotise                Necr           0%         1d4       100%        1
 Sting                    Conj/Alch      0%         1d3       100%        1
 Summon Small Mammal      Summ           0%         N/A       100%        1


Dungeon Overview and Level Annotations

Branches:
Dungeon (7/15)             Temple (1/1) D:4

Altars:
Ashenzari
Cheibriados
Kikubaaqudgha
Makhleb
Okawaru
Ru
Trog
Vehumet
Wu Jian
Xom

Shops:
D:2 ?

Annotations:
D:4 1 runed translucent door
D:5 Ijyb


Innate Abilities, Weirdness & Mutations

Your touch may inflict irresistible damage on your foes.


Message History

Unknown command.
You completely miss the orc priest.
The orc priest is heavily wounded.
The iguana bites you but does no damage.
The orc priest hits you but does no damage.
The grasping roots constrict you.
* * * LOW HITPOINT WARNING * * *
Unknown command.
Unknown command.
You're too confused to move!
The grasping roots constrict you.
The iguana bites you but does no damage.
The orc priest mumbles some strange prayers to Beogh against you.
Beogh smites you!
* * * LOW HITPOINT WARNING * * *
The grasping roots release their grip on you.
Unknown command.
You bump into the rock wall.
The iguana bites you but does no damage.
The orc priest hits you with a +0 flail.
* * * LOW HITPOINT WARNING * * *
Unknown command.
You bump into the tree.
Ijyb zaps a wand.
The roots erupt in riotous growth!
The iguana is unaffected.
The orc priest is unaffected.
Ijyb is unaffected.
The grasping roots grab you! The grasping roots constrict you.
* * * LOW HITPOINT WARNING * * *
The iguana bites you but does no damage.
The orc priest hits you with a +0 flail.
* * * LOW HITPOINT WARNING * * *
Unknown command.
Unknown command.
You are too confused!
Unknown command.
Okay, then.
You're too confused to move!
You feel less invigorated.
You feel less confused. The grasping roots constrict you.
* * * LOW HITPOINT WARNING * * *
The iguana bites you!
You die...

..< ......
#.. #....
##..##...
#.......###
........
##.#..#
#.g...#


#loYo# #@#..# ♣♣#g## #.o...o.. ..o..g... ♣.....o..# .#......## ########## You
could see an ice beast, Ijyb, an iguana, an orc priest and an orc wizard.

Vanquished Creatures
  An ogre (D:4)
  A kobold brigand (D:6)
  A scorpion (D:6)
  2 howler monkeys
  A jelly (D:6)
  2 orc priests
  An orc wizard (D:3)
  5 adders
  A white imp (D:7)
  A worm (D:2)
  2 dart slugs
  6 orcs
  7 ball pythons
  8 endoplasms
  3 giant cockroaches
  7 goblins
  8 hobgoblins
  8 jackals
  2 quokkas
  5 bats
  3 frilled lizards
  11 kobolds
  8 rats
94 creatures vanquished.

Vanquished Creatures (others)
  A bombardier beetle (D:5)
1 creature vanquished.

Grand Total: 95 creatures vanquished

Notes
Turn   | Place    | Note
-------+----------+-------------------------------------------
     0 | D:1      | Amplified the Demonspawn Monk began the quest for the Orb.
     0 | D:1      | Reached XP level 1. HP: 18/18 MP: 1/1
   277 | D:1      | Gained mutation: Your touch may inflict minor irresistible
                  | damage on your foes. [demonic ancestry]
   277 | D:1      | Reached XP level 2. HP: 24/24 MP: 2/2
   345 | D:1      | Found a faded altar of an unknown god.
   642 | D:1      | Reached XP level 3. HP: 29/29 MP: 3/3
   987 | D:2      | Gained mutation: Your touch may inflict irresistible damage
                  | on your foes. [demonic ancestry]
   987 | D:2      | Reached XP level 4. HP: 27/37 MP: 4/4
  1084 | D:2      | Found Gucotes's Magic Scroll Shop.
  1092 | D:2      | Bought a scroll of identify for 26 gold pieces
  1092 | D:2      | Bought a scroll of identify for 26 gold pieces
  1092 | D:2      | Bought a scroll of identify for 26 gold pieces
  1561 | D:3      | Reached skill level 4 in Fighting
  1937 | D:3      | Reached XP level 5. HP: 43/43 MP: 5/5
  2048 | D:4      | Noticed an ogre
  2101 | D:4      | Found a staircase to the Ecumenical Temple.
  2114 | Temple   | Entered the Ecumenical Temple
  2123 | D:4      | Noticed an ogre
  2131 | D:4      | Killed an ogre
  2132 | D:4      | Reached skill level 5 in Fighting
  2132 | D:4      | Reached skill level 1 in Maces & Flails
  2132 | D:4      | Reached XP level 6. HP: 37/51 MP: 6/6
  2200 | D:4      | Found a large runed translucent door.
  2357 | D:4      | Found a burning altar of Makhleb.
  2392 | D:4      | You fall into a shaft and drop 3 floors!
  2412 | D:7      | Noticed a vampire
  2431 | D:7      | Noticed a vampire
  2625 | D:6      | Reached XP level 7. HP: 24/56 MP: 7/7
  2653 | D:5      | Entered Level 5 of the Dungeon
  2655 | D:5      | Noticed Ijyb
  2679 | D:5      | Slain by an iguana

Illustrated notes

Levels and vault maps discovered:
D:1:      elethiomel_arrival_fortress_basement, layout_basic,
          hellmonk_ecumenical_altar_pennies_from_heaven, serial_forest,
          infiniplex_forest_side_room, infiniplex_forest_lined_2,
          infiniplex_forest_lined_room_3, infiniplex_forest_side_room,
          infiniplex_forest_clump_long, infiniplex_forest_lined_2
D:2:      layout_loops_ring, serial_shops, shop
D:3:      layout_rooms
D:4:      layout_cave_pools, lemuel_crystal_altar, minmay_temple_entry_grid,
          minmay_hollow_rounded_squares
D:5:      layout_cave_pools, lemuel_round_altar, old_standard_altar,
          mainiacjoe_overflow_alcove_1, lemuel_round_altar,
          serial_co_window_serial, co_window_paths_a, co_window_paths_b,
          co_window_paths_a, co_window_corner_a, co_window_paths_b,
          co_window_unsneaky_path_e, co_window_2corner, co_window_broadway_a,
          co_window_corner_b, co_window_of_opportunity_b,
          co_window_unsneaky_path_b, co_window_corner_ca, enter_ossuary_1,
          supply_closet_lemuel, uniq_ijyb
D:6:      layout_basic, nemelex_altar_shiori, mainiacjoe_overflow_tiny_flanked,
          minmay_misc_feat_tower, uniq_sigmund
D:7:      layout_gridville, grunt_temple_overflow_holy_war,
          nicolae_overflow_hidden_temple, gammafunk_ghost_wrathful_warriors
Temple:   hellmonk_temple_beads

Skill      XL: |  1  2  3  4  5  6 |
---------------+-------------------+-----
Axes           | 3 4 |  4.1
Dodging        | 3 4 |  4.0
Fighting       | 4 5 |  5.6
Maces & Flails | 1 2 |  2.7

Action                     |  1- 3 |  4- 6 |  7- 9 || total
---------------------------+-------+-------+-------++-------
  Melee: Hand axe          |    91 |    97 |       ||   188
         Whip              |    14 |       |       ||    14
         Flail             |       |    53 |    16 ||    69
  Throw: Dart              |       |     5 |       ||     5
  Evoke: Wand              |       |     2 |     3 ||     5
    Use: Scroll            |     1 |     9 |       ||    10
         Potion            |       |     4 |     3 ||     7
   Stab: Fleeing           |       |     1 |       ||     1
 Armour: Robe              |    48 |       |       ||    48
         Chain mail        |    22 |   141 |    32 ||   195
  Dodge: Dodged            |    88 |    72 |     5 ||   165

Table legend: (Time is in decaauts)
 A = Elapsed time spent in this place.
 B = Non-inter-level travel time spent in this place.
 C = Inter-level travel time spent in this place.
 D = Time resting spent in this place.
 E = Time spent auto-exploring this place.
 F = Levels seen in this place.
 G = Mean time per level.
                   A        B        C        D        E       F      G
               +--------+--------+--------+--------+--------+-----+--------+
         Total |   2734 |   2478 |    256 |    243 |    308 |   8 |  341.8 |
       Dungeon |   2732 |   2476 |    256 |    243 |    308 |   7 |  390.3 |
        Temple |      1 |      1 |      0 |      0 |      0 |   1 |    1.0 |
               +--------+--------+--------+--------+--------+-----+--------+

Top non-repeatable levels by time:
     D:1: 756 daAuts
     D:2: 692 daAuts
     D:3: 606 daAuts
     D:4: 373 daAuts
     D:6: 207 daAuts
     D:7: 67 daAuts
     D:5: 27 daAuts
  Temple: 1 daAuts
